 Dungeon Crawl Stone Soup version 0.20.1-1-g8b1a95d66d (webtiles) character file.

10369 Peloso the Carver (level 11, -1/97 HPs)
             Began as a Minotaur Fighter on Jan 1, 2018.
             Was the Champion of Okawaru.
             Slain by a manticore (8 damage)
             ... on level 11 of the Dungeon.
             The game lasted 00:22:46 (8337 turns).

Peloso the Carver (Minotaur Fighter)                Turns: 8337, Time: 00:22:46

Health: -1/97      AC: 17    Str: 22    XL:     11   Next: 35%
Magic:  10/10      EV:  8    Int:  5    God:    Okawaru [******]
Gold:   731        SH:  0    Dex: 12    Spells: 10/10 levels left

rFire    . . .     SeeInvis .   R - +11 plutonium sword {*Contam Stlth-}
rCold    . . .     Gourm    .   (shield currently unavailable)
rNeg     . . .     Faith    .   b - +0 plate armour
rPois    +         Spirit   .   B - +0 hat {MR+}
rElec    .         Reflect  .   N - +2 cloak {MR+}
rCorr    .         Harm     .   (no gloves)
MR       +++..                  (no boots)
Stlth    ..........             (no amulet)
Regen    0.3/turn               p - ring of poison resistance
MPRegen  0.2/turn               n - ring of protection from magic

@: engulfed (cannot breathe), barbed spikes
A: retaliatory headbutt, horns 2
a: Heroism, Finesse, Renounce Religion


You were on level 11 of the Dungeon.
You worshipped Okawaru.
Okawaru was exalted by your worship.
You were not hungry.

You visited 1 branch of the dungeon, and saw 11 of its levels.
You also visited: Ossuary.

You collected 948 gold pieces.
You spent 217 gold pieces at shops.

Inventory:

Hand Weapons
 a - a +4 falchion
 K - a cursed -1 short sword
 R - the +11 plutonium sword (weapon) {*Contam Stlth-}
   (Okawaru gifted it to you on level 10 of the Dungeon)

   It causes magical contamination when unequipped.
   It makes you less stealthy.
Armour
 b - a +0 plate armour (worn)
 c - a +0 shield
 B - a +0 hat of magic resistance (worn)
 N - a +2 cloak of magic resistance (worn)
Jewellery
 n - a ring of protection from magic (right hand)
 p - a ring of poison resistance (left hand)
 v - an uncursed ring of ice
 y - an uncursed ring of protection from cold
Wands
 u - a wand of confusion (24/48)
 C - a wand of polymorph (24/24)
 D - a wand of disintegration (16/24)
 G - a wand of random effects (26/48)
 J - a wand of flame (21/48)
 O - a wand of iceblast (6/15)
 S - a wand of flame (11/48)
Scrolls
 h - 2 scrolls of amnesia
 j - a scroll of enchant weapon
 o - 2 scrolls of blinking
 q - 4 scrolls of teleportation
 w - 4 scrolls of identify
 F - a scroll of magic mapping
 H - 4 scrolls of enchant armour
 I - 2 scrolls of recharging
 L - 2 scrolls of remove curse
Potions
 d - 2 potions of might
 g - 6 potions of flight
 i - 2 potions of magic
 k - 3 potions of haste
 m - 2 potions of cancellation
 s - 2 potions of heal wounds
 x - a potion of berserk rage
 z - 8 potions of curing
 A - 3 potions of mutation
 E - a potion of brilliance
 M - a potion of agility
Books
 e - a book of Misfortune

   Spells                             Type                      Level
   a - Confusing Touch                Hexes                        1
   b - Confuse                        Hexes                        3
   c - Gell's Gravitas                Translocation                3
   d - Petrify                        Transmutation/Earth          4
   e - Metabolic Englaciation         Hexes/Ice                    5
   f - Yara's Violent Unravelling     Hexes/Transmutation          5
 r - a book of Cantrips

   Spells                             Type                      Level
   a - Confusing Touch                Hexes                        1
   b - Animate Skeleton               Necromancy                   1
   c - Summon Small Mammal            Summoning                    1
   d - Apportation                    Translocation                1
 Q - a book of Ice

   Spells                             Type                      Level
   a - Ice Form                       Ice/Transmutation            4
   b - Metabolic Englaciation         Hexes/Ice                    5
   c - Ozocubu's Refrigeration        Ice                          6
   d - Bolt of Cold                   Conjuration/Ice              6
   e - Freezing Cloud                 Conjuration/Ice/Air          6
   f - Simulacrum                     Ice/Necromancy               6
Comestibles
 f - 7 bread rations
 l - a meat ration
 t - 8 royal jellies
 P - 2 chunks of flesh


   Skills:
 + Level 9.0 Fighting
 + Level 13.3 Long Blades
 + Level 9.4 Armour
 + Level 3.7 Dodging
 + Level 0.8 Stealth
 + Level 11.1 Shields
 + Level 0.6 Invocations


You had 10 spell levels left.
You didn't know any spells.

Dungeon Overview and Level Annotations

Branches:
Dungeon (11/15)            Temple (0/1) D:7
   Lair: D:8-11         Orc: D:9-12

Altars:
Dithmenos
Kikubaaqudgha
Nemelex Xobeh
Okawaru
Qazlal
Ru
Sif Muna
Trog
Vehumet
Xom
The Shining One

Shops:
D:9 [   D:10 }


Innate Abilities, Weirdness & Mutations

You reflexively headbutt those who attack you in melee.
You have a pair of horns on your head.


Message History

* * * LOW HITPOINT WARNING * * *
The manticore closely misses you. The manticore claws you.
* * * LOW HITPOINT WARNING * * *
The water elemental hits you. The sky beast hits you.
* * * LOW HITPOINT WARNING * * *
The sky beast shocks you.
* * * LOW HITPOINT WARNING * * *
The manticore bites you but does no damage.
The manticore claws you but does no damage. x2
You feel much better.
* * * LOW HITPOINT WARNING * * *
Your lungs strain for air!
The water elemental hits you.
* * * LOW HITPOINT WARNING * * *
The sky beast hits you.
* * * LOW HITPOINT WARNING * * *
The sky beast shocks you.
* * * LOW HITPOINT WARNING * * *
The manticore bites you!
You die...

≈≈≈≈≈..≈≈.≈≈##
.............
≈≈≈≈≈≈..≈.≈≈
#≈≈≈≈≈≈.≈..
#≈≈≈≈≈.≈.#
###≈≈≈≈.≈.#
......EYH.#
#≈≈@#.#
###[#.#
#.#.#######
#..........
#...##########
#..>.........#
#.#<########.#
#.#....†.....#
#.#.##########


You could see a manticore, a water elemental and a sky beast.

Vanquished Creatures
  Gastronok (D:10)
  The ghost of BrokenGlass the Martial Artist, a journeyman OpFi of Ashenzari (D:10)
  A two-headed ogre (D:8)
  Nergalle (D:10)
  An ugly thing (D:10)
  Joseph (D:9)
  A komodo dragon (D:10)
  Prince Ribbit (D:5)
  5 hippogriffs
  A hungry ghost (D:10)
  A sky beast (D:6)
  3 orc warriors
  2 necrophages (D:8)
  A black bear (D:6)
  3 ice beasts
  3 phantoms
  7 centaurs
  An eye of draining (D:8)
  5 bullfrogs
  2 big kobolds
  5 scorpions
  A water moccasin skeleton (D:8)
  3 killer bees (D:8)
  5 wights (D:9)
  A howler monkey (D:4)
  A bullfrog zombie (D:5)
  7 crimson imps
  A quasit (D:10)
  6 hounds
  A bullfrog skeleton (D:10)
  2 jellies
  5 orc priests
  13 orc wizards
  3 iguanas
  7 worker ants
  A killer bee zombie (D:5)
  A hound zombie (D:8)
  A hound skeleton (D:10)
  8 mummies (Ossuary)
  8 gnolls
  17 adders
  2 shadow imps
  3 adder skeletons
  2 worms
  3 dart slugs
  3 leopard geckos
  38 orcs
  6 bats
  4 giant cockroaches
  4 hobgoblins
  12 jackals
  3 quokkas
  3 ball pythons
  A frilled lizard (D:3)
  A gnoll zombie (Ossuary)
  5 goblins
  A goblin zombie (D:8)
  3 hobgoblin zombies (Ossuary)
  18 kobolds
  3 kobold zombies (Ossuary)
  A leopard gecko skeleton (D:4)
  An orc zombie (Ossuary)
  A quokka zombie (D:8)
  2 rats
259 creatures vanquished.

Vanquished Creatures (others)
  An orc wizard (D:8)
1 creature vanquished.

Grand Total: 260 creatures vanquished

Notes
Turn   | Place    | Note
-------+----------+-------------------------------------------
     0 | D:1      | Peloso the Minotaur Fighter began the quest for the Orb.
     0 | D:1      | Reached XP level 1. HP: 19/19 MP: 0/0
   284 | D:1      | Reached XP level 2. HP: 27/27 MP: 1/1
   733 | D:2      | Found a sacrificial altar of Ru.
   776 | D:2      | Reached XP level 3. HP: 26/33 MP: 2/2
   783 | D:2      | Found a radiant altar of Vehumet.
   952 | D:2      | Reached XP level 4. HP: 38/41 MP: 3/3
   999 | D:2      | Found an iron altar of Okawaru.
  1021 | D:2      | Became a worshipper of Warmaster Okawaru
  1326 | D:3      | Found a glowing golden altar of the Shining One.
  1576 | D:3      | Reached skill level 3 in Long Blades
  1880 | D:3      | Found a deep blue altar of Sif Muna.
  1957 | D:4      | Reached skill level 4 in Long Blades
  1957 | D:4      | Reached skill level 1 in Dodging
  1957 | D:4      | Reached XP level 5. HP: 36/47 MP: 4/4
  2101 | D:4      | Reached * piety under Okawaru
  2101 | D:4      | Reached skill level 5 in Long Blades
  2101 | D:4      | Reached skill level 5 in Shields
  2101 | D:4      | Reached XP level 6. HP: 46/53 MP: 5/5
  2119 | D:4      | Reached skill level 5 in Armour
  2559 | D:5      | Entered Level 5 of the Dungeon
  2599 | D:5      | Noticed Prince Ribbit
  2615 | D:5      | Killed Prince Ribbit
  2615 | D:5      | Reached skill level 5 in Fighting
  2615 | D:5      | Reached XP level 7. HP: 8/61 MP: 6/6
  2855 | D:5      | Reached skill level 6 in Long Blades
  3141 | D:5      | Reached ** piety under Okawaru
  3367 | D:5      | Reached skill level 7 in Long Blades
  3367 | D:5      | Reached XP level 8. HP: 47/69 MP: 7/7
  3844 | D:6      | Reached skill level 8 in Long Blades
  3847 | D:6      | Reached *** piety under Okawaru
  4220 | D:6      | Found an ancient bone altar of Kikubaaqudgha.
  4329 | D:6      | Found a stormy altar of Qazlal.
  4790 | D:7      | Found a shimmering altar of Xom.
  4811 | D:7      | Found a staircase to the Ecumenical Temple.
  4889 | D:7      | Reached XP level 9. HP: 58/77 MP: 8/8
  5321 | D:8      | Found a sand-covered staircase.
  5330 | Ossuary  | Entered an ossuary
  5613 | Ossuary  | Reached skill level 9 in Long Blades
  5830 | D:8      | Reached **** piety under Okawaru
  6007 | D:8      | Reached skill level 10 in Long Blades
  6327 | D:8      | Found a sparkling altar of Nemelex Xobeh.
  6327 | D:8      | Found a shadowy altar of Dithmenos.
  6416 | D:8      | Noticed a two-headed ogre
  6427 | D:8      | Killed a two-headed ogre
  6427 | D:8      | Reached ***** piety under Okawaru
  6427 | D:8      | Reached skill level 11 in Long Blades
  6427 | D:8      | Reached XP level 10. HP: 61/86 MP: 9/9
  6541 | D:9      | Found Vofrob's Antique Armour Boutique.
  6600 | D:9      | Bought an embroidered cloak for 217 gold pieces
  6615 | D:9      | Noticed Joseph
  6653 | D:9      | Killed Joseph
  6929 | D:9      | Found a bloodstained altar of Trog.
  7079 | D:10     | Entered Level 10 of the Dungeon
  7085 | D:10     | Noticed Gastronok
  7115 | D:10     | Killed Gastronok
  7115 | D:10     | Received a gift from Okawaru
  7115 | D:10     | Reached skill level 12 in Long Blades
  7115 | D:10     | Reached skill level 10 in Shields
  7462 | D:10     | Noticed a purple ugly thing
  7478 | D:10     | Killed a purple ugly thing
  7478 | D:10     | Reached ****** piety under Okawaru
  7478 | D:10     | Reached XP level 11. HP: 72/95 MP: 7/10
  7828 | D:10     | Received a gift from Okawaru
  7865 | D:10     | Noticed BrokenGlass's ghost (journeyman OpFi)
  7875 | D:10     | Killed BrokenGlass's ghost
  7875 | D:10     | Reached skill level 13 in Long Blades
  8063 | D:10     | Found Yxuerir's Gadget Emporium.
  8149 | D:10     | Noticed Nergalle
  8155 | D:10     | Killed Nergalle
  8336 | D:11     | HP: 4/97 [sky beast (5)]
  8337 | D:11     | Slain by a manticore

Skill      XL: |  1  2  3  4  5  6  7  8  9 10 11 |
---------------+----------------------------------+-----
Fighting       | 4 5 6 7 8 9 |  9.0
Armour         | 4 5 6 7 8 9 |  9.4
Shields        | 4 5 6 7 9 10 11 | 11.1
Long Blades    | 4 5 7 8 11 12 13 | 13.3
Dodging        | 1 2 3 |  3.7
Stealth        | |  0.8
Invocations    | |  0.6

Action                   |  1- 3 |  4- 6 |  7- 9 | 10-12 || total
-------------------------+-------+-------+-------+-------++-------
Melee: Long sword        |    52 |    93 |   492 |    84 ||   721
       Headbutt          |     6 |    12 |   115 |    65 ||   198
       Falchion          |       |       |       |   156 ||   156
       Triple sword      |       |       |       |    30 ||    30
Invok: Heroism           |       |       |       |     4 ||     4
Evoke: Wand              |       |       |     1 |       ||     1
  Use: Potion            |       |     1 |       |     2 ||     3
       Scroll            |       |       |    14 |     7 ||    21
  Eat: Chunk             |       |     5 |    13 |     7 ||    25
       Fruit             |       |       |     1 |       ||     1
Armor: Scale mail        |    32 |    19 |       |       ||    51
       Chain mail        |       |    37 |   100 |       ||   137
       Plate armour      |       |       |   126 |   116 ||   242
Dodge: Dodged            |    22 |    31 |   104 |    69 ||   226
Block: Shield            |    35 |    54 |   246 |   137 ||   472
       Rpst.: Long sword |     1 |     9 |    32 |     7 ||    49
       Falchion          |       |       |       |     7 ||     7
       Triple sword      |       |       |       |     4 ||     4
